Map: Ruins of Seras

Players

FeaR

  • Race: Protoss Protoss
  • League: Grandmaster

FireCake - Winner!

  • Race: Zerg Zerg
  • League: Master

Event: DreamHack ZOWIE Open Leipzig

VOD

Have the link to the VOD?

Description

Time

  • Played on: Jan. 22, 2016, 7:23 a.m.
  • Length: 13:47

All games in this series

Show
View Real Time Build Order
Export as new Build Order

FeaR Protoss 

Build Orders: Nexus First, Zealot Archon 

Get SALT Encoding   

  12  0:01  Probe (Chrono Boost)  
  13  0:11  Probe (Chrono Boost)  
  14  0:19  Pylon  
  14  0:22  Probe (Chrono Boost)  
  15  0:37  Probe (Chrono Boost)  
  16  0:47  Probe (Chrono Boost)  
  17  1:01  Nexus  
  17  1:11  Gateway  
  17  1:15  Probe (Chrono Boost)  
  18  1:24  Assimilator  
  18  1:25  Probe (Chrono Boost)  
  19  1:29  Assimilator  
  19  1:36  Probe (Chrono Boost)  
  20  1:46  Probe (Chrono Boost)  
  21  1:57  Probe (Chrono Boost)  
  21  1:59  Cybernetics Core  
  22  2:07  Probe (Chrono Boost)  
  23  2:13  Probe (Chrono Boost)  
  24  2:18  Probe (Chrono Boost)  
  25  2:23  Probe (Chrono Boost)  
  25  2:27  Pylon  
  25  2:28  Probe (Chrono Boost)  
  27  2:33  Probe (Chrono Boost)  
  27  2:36  Adept (Chrono Boost), Warp Gate  
  30  2:39  Probe (Chrono Boost)  
  30  2:41  Twilight Council  
  30  2:43  Probe  
  31  2:50  Probe (Chrono Boost)  
  33  2:54  Probe (Chrono Boost)  
  34  3:00  Pylon  
  34  3:03  Probe (Chrono Boost)  
  34  3:05  Sentry  
  37  3:06  Probe (Chrono Boost)  
  38  3:13  Probe (Chrono Boost)  
  38  3:14  Pylon  
  38  3:15  Probe (Chrono Boost)  
  38  3:19  Resonating Glaives (Chrono Boost)  
  40  3:24  Gateway  
  40  3:25  Gateway  
  40  3:30  Pylon  
  42  3:35  Gateway  
  42  3:38  Probe x2  
  42  3:46  Gateway  
  42  3:50  Probe x2  
  44  4:00  Probe  
  44  4:02  Probe  
  46  4:11  Probe  
  46  4:19  Mothership Core  
  46  4:21  Probe  
  48  4:26  Dark Shrine  
  48  4:27  Assimilator  
  48  4:32  Probe, Assimilator  
  49  4:40  Probe  
  49  4:41  Adept x4  
  49  4:42  Adept  
  49  4:43  Probe, Robotics Facility  
  62  4:57  Pylon  
  63  5:02  Adept x4  
  63  5:05  Adept  
  70  5:14  Probe  
  70  5:15  Probe  
  72  5:24  Probe  
  73  5:32  Nexus  
  73  5:36  Probe  
  73  5:40  Probe  
  65  5:48  Probe  
  56  5:50  Immortal (Chrono Boost)  
  56  5:52  Probe  
  56  5:53  Pylon  
  56  5:55  Dark Templar x4, Pylon  
  69  6:00  Probe  
  69  6:04  Dark Templar, Probe  
  73  6:12  Probe  
  73  6:16  Probe  
  75  6:24  Probe  
  76  6:28  Probe  
  76  6:30  Immortal (Chrono Boost)  
  81  6:34  Zealot  
  81  6:35  Zealot  
  81  6:37  Probe  
  86  6:44  Probe  
  85  6:49  Probe x2, Zealot x2  
  85  6:53  Charge  
  87  6:56  Probe  
  87  6:57  Dark Templar  
  87  6:58  Dark Templar  
  87  7:00  Probe  
  87  7:01  Probe  
  91  7:03  Gateway  
  91  7:04  Immortal (Chrono Boost)  
  91  7:05  Gateway  
  91  7:06  Archon  
  96  7:11  Assimilator  
  96  7:13  Probe, Assimilator  
  96  7:14  Pylon  
  99  7:18  Dark Templar  
  99  7:22  Pylon  
  99  7:23  Pylon  
  99  7:24  Archon  
  99  7:25  Zealot  
  101  7:38  Warp Prism (Chrono Boost)  
  101  7:39  Pylon  
  101  7:41  Dark Templar  
  101  7:42  Dark Templar  
  107  7:49  Gateway x2, Archon  
  107  7:50  Gateway  
  107  7:53  Forge, Robotics Facility  
  107  8:04  Nexus  
  107  8:05  Sentry  
  107  8:06  Sentry  
  111  8:19  Pylon  
  111  8:21  Pylon  
  111  8:25  Protoss Ground Weapons Level 1  
  111  8:27  Zealot  
  111  8:30  Stalker x3  
  111  8:34  Zealot x2  
  123  8:47  Zealot x3  
  129  8:50  Observer (Chrono Boost)  
  129  8:53  Zealot x2  
  138  8:56  Immortal (Chrono Boost)  
  138  9:09  Immortal (Chrono Boost)  
  140  9:14  Probe  
  119  9:25  Templar Archives, Zealot x3  
  119  9:27  Zealot x3  
  119  9:29  Dark Templar  
  133  9:32  Dark Templar  
  135  9:42  Immortal (Chrono Boost)  
  135  9:43  Immortal (Chrono Boost)  
  127  9:55  Zealot x3  
  127  9:56  Zealot  
  135  10:02  Probe  
  135  10:04  Assimilator  
  136  10:08  Assimilator  
  136  10:17  Immortal (Chrono Boost)  
  136  10:18  Immortal (Chrono Boost)  
  144  10:29  High Templar x3  
  144  10:30  High Templar  
  144  10:31  High Templar x2  
  144  10:32  Zealot x2  
  144  10:34  Archon x2  
  144  10:35  Zealot  
  162  10:37  Protoss Ground Weapons Level 2 (Chrono Boost)  
  162  10:40  Gateway  
  162  10:41  Gateway  
  162  10:42  Archon  
  162  10:44  Gateway  
  162  10:48  Gateway  
  162  10:57  Pylon  
  164  10:58  Pylon  
  164  11:00  Pylon  
  164  11:01  Gateway  
  164  11:02  Gateway  
  164  11:03  Pylon  
  164  11:05  Pylon  
  164  11:13  Observer  
  164  11:14  Observer  
  164  11:20  High Templar x4  
  164  11:21  High Templar x2  
  164  11:22  Zealot x3  
  182  11:27  Archon x2  
  182  11:28  Archon  
  182  11:38  Observer x2  
  152  11:51  Zealot x5  
  124  11:57  Zealot x3  
  124  11:58  Zealot  
  130  12:02  Immortal x2  
  100  12:23  High Templar x4  
  100  12:29  Archon x2  
  108  12:32  Zealot x6  
  108  12:33  Zealot x2  
  124  12:41  Immortal  
  124  12:42  Immortal  
  128  12:51  Zealot x3  
  133  13:16  High Templar x4  
  133  13:17  High Templar  
  133  13:18  High Templar  
  133  13:19  High Templar  
  147  13:23  Archon x2  
  147  13:24  Archon  
  155  13:28  High Templar  
  155  13:29  Zealot x4  
  165  13:36  Archon  
Show
View Real Time Build Order
Export as new Build Order

FireCake Zerg - Winner!

Build Orders: 3 Hatch before Pool, Lurkers 

Get SALT Encoding   

  12  0:00  Drone  
  13  0:08  Drone  
  14  0:17  Overlord  
  14  0:23  Drone, Extractor  
  17  0:35  Drone x2  
  17  0:52  Hatchery  
  17  0:55  Drone  
  17  0:59  Drone  
  18  1:05  Drone  
  19  1:16  Drone  
  20  1:28  Drone  
  20  1:31  Hatchery  
  20  1:36  Extractor  
  19  1:43  Spawning Pool  
  19  1:45  Drone  
  19  1:48  Drone  
  20  2:00  Drone  
  21  2:04  Drone  
  22  2:09  Drone  
  22  2:15  Drone  
  24  2:20  Drone  
  25  2:29  Queen x2  
  27  2:30  Extractor  
  27  2:32  Overlord  
  27  2:36  Metabolic Boost  
  29  2:41  Overlord  
  29  2:45  Zergling x2  
  29  2:47  Drone  
  29  2:48  Drone  
  29  2:49  Drone  
  33  2:54  Drone x2  
  35  2:59  Queen  
  35  3:05  Queen  
  37  3:12  Zergling x2  
  40  3:13  Zergling x6  
  40  3:17  Overlord  
  40  3:19  Drone  
  44  3:20  Drone  
  45  3:30  Overlord  
  45  3:31  Drone x2  
  47  3:41  Drone x2  
  47  3:42  Drone x6  
  47  3:47  Overlord  
  55  3:52  Drone  
  56  3:59  Overlord x2  
  56  4:07  Drone  
  56  4:08  Drone x5  
  61  4:16  Spore Crawler x2  
  61  4:17  Spore Crawler  
  57  4:18  Drone x7  
  64  4:28  Extractor  
  64  4:29  Extractor  
  64  4:30  Extractor  
  61  4:31  Roach Warren  
  60  4:39  Drone x3  
  60  4:40  Drone x2  
  60  4:43  Lair  
  65  4:46  Drone x3  
  65  4:49  Zergling x2  
  65  4:50  Zergling x14  
  76  5:05  Evolution Chamber  
  75  5:11  Overlord  
  75  5:12  Overlord x2  
  75  5:15  Roach x6  
  87  5:23  Overlord x2  
  87  5:25  Roach x2, Zergling x2  
  90  5:35  Roach x6  
  81  5:47  Drone x3  
  80  5:51  Drone x7  
  87  6:01  Drone x5  
  87  6:04  Zerg Missile Weapons Level 1  
  92  6:12  Drone  
  92  6:13  Drone x2  
  95  6:20  Extractor  
  95  6:21  Extractor  
  95  6:25  Overseer x3  
  93  6:29  Roach x2  
  93  6:30  Roach x2  
  100  6:45  Roach Warren  
  99  6:54  Drone x7  
  105  7:04  Overseer  
  105  7:06  Hatchery  
  104  7:14  Pneumatized Carapace  
  104  7:22  Drone x2  
  106  7:23  Hatchery, Drone  
  106  7:25  Drone  
  106  7:26  Spore Crawler  
  106  7:27  Spore Crawler  
  105  7:30  Spore Crawler  
  105  7:31  Zergling x2  
  105  7:37  Drone x3  
  105  7:38  Drone x3  
  111  7:55  Glial Reconstitution  
  111  7:58  Drone, Hydralisk Den  
  111  7:59  Drone x2, Zerg Missile Weapons Level 2  
  112  8:08  Drone x4  
  112  8:09  Drone x2  
  118  8:14  Overseer  
  118  8:16  Infestation Pit  
  117  8:25  Overlord x2  
  117  8:29  Lurker Den  
  117  8:30  Hydralisk x5  
  127  8:39  Hydralisk x4  
  134  8:48  Hydralisk x5  
  134  8:54  Overlord x2  
  144  9:11  Hydralisk x3  
  144  9:12  Hydralisk x2  
  144  9:21  Hive  
  142  9:27  Hatchery  
  142  9:31  Hydralisk x2, Extractor  
  141  9:35  Spire  
  142  9:51  Hydralisk x2  
  146  9:57  Spine Crawler  
  146  9:58  Spine Crawler  
  146  9:59  Spore Crawler, Spine Crawler  
  142  10:00  Spore Crawler  
  142  10:07  Lurker x5  
  142  10:08  Lurker  
  142  10:09  Overlord x4  
  142  10:11  Drone x6  
  142  10:12  Drone  
  154  10:15  Drone  
  154  10:16  Drone  
  156  10:23  Drone x5  
  161  10:31  Overlord  
  161  10:32  Zerg Missile Weapons Level 3  
  161  10:38  Lurker x3  
  161  10:39  Lurker  
  165  10:46  Extractor  
  165  10:47  Spine Crawler  
  165  10:48  Drone x3  
  165  10:49  Spine Crawler  
  165  10:50  Greater Spire  
  165  10:59  Corruptor x3  
  171  11:14  Corruptor x2  
  175  11:22  Spore Crawler  
  175  11:24  Spore Crawler  
  175  11:25  Roach x8  
  189  11:31  Roach x5  
  175  11:49  Zergling x6  
  175  11:50  Zergling x12  
  162  12:02  Brood Lord x4  
  162  12:04  Brood Lord  
  162  12:08  Roach x3  
  166  12:21  Muscular Augments  
  162  12:46  Hydralisk x11  
  162  12:47  Hatchery, Hydralisk  
  178  13:22  Zergling x28  
  178  13:23  Zergling x6  

Tags
 
Add a new tag
Caveats
  • Supply blocks, unpowered buildings, or Contaminate may cause inaccurate times.
  • Supply counts are checked every 10 seconds.